 Dungeon Crawl Stone Soup version 0.23-a0-488-g5fd82c5 (webtiles) character file.

54 tarabluh the Ruffian (level 3, -1/31 HPs)
             Began as a Troll Wizard on Dec 1, 2018.
             Slain by a gnoll
             ... wielding a +0 flail
              (14 damage)
             ... on level 3 of the Dungeon.
             The game lasted 00:02:50 (1422 turns).

tarabluh the Ruffian (Troll Wizard)                 Turns: 1422, Time: 00:02:50

Health: -1/31      AC:  7    Str: 16    XL:     3   Next: 66%
Magic:  5/5        EV:  9    Int: 14    God:
Gold:   61         SH:  0    Dex:  8    Spells: 3/6 levels left

rFire    . . .     SeeInvis .     - Unarmed
rCold    . . .     Gourm    +   (no shield)
rNeg     . . .     Faith    .   c - +2 robe {MR+}
rPois    .         Spirit   .   b - +0 hat
rElec    .         Reflect  .   (no cloak)
rCorr    .         Harm     .   (gloves unavailable)
MR       +....                  (boots unavailable)
Stlth    +.........             (no amulet)
HPRegen  0.50/turn              (no ring)
MPRegen  0.09/turn              (no ring)

@: no status effects
A: large, unfitting armour, claws 3, fast metabolism 3, gourmand, regeneration
1, shaggy fur 1, tough skin 2
a: no special abilities


You were on level 3 of the Dungeon.
You were very full.

You visited 1 branch of the dungeon, and saw 3 of its levels.

You collected 61 gold pieces.

Inventory:

Missiles
 e - 82 stones (quivered)
Armour
 b - a +0 hat (worn)
 c - a +2 robe of magic resistance (worn)
Scrolls
 f - 2 scrolls of identify {unknown}
 h - a scroll of remove curse {unknown}
 j - 2 scrolls of immolation {unknown}
Potions
 a - 2 potions of degeneration {unknown}
 g - a potion of brilliance {unknown}
 k - a potion of lignification {unknown}
Comestibles
 d - 6 rations


   Skills:
 - Level 1.5 Dodging
 - Level 1.0 Stealth
 * Level 3.4 Unarmed Combat
 - Level 2.0 Spellcasting
 - Level 0.6 Conjurations
 - Level 0.6 Summonings
   Level 0.6 Translocations


You had 3 spell levels left.
You knew the following spells:

 Your Spells              Type           Power        Failure   Level  Hunger
a - Magic Dart            Conj           #...         19%         1    ##.....
b - Call Imp              Summ           #.......     28%         2    ###....

Your spell library contained the following spells:

 Spells                   Type           Power        Failure   Level  Hunger
 Blink                    Tloc           N/A          28%         2    ###....
 Slow                     Hex            #.......     34%         2    ###....
 Conjure Flame            Conj/Fire      #.......     54%         3    ####...
 Mephitic Cloud           Conj/Pois/Air  #.......     54%         3    ####...


Dungeon Overview and Level Annotations

Branches:
Dungeon (3/15)

Altars:


Innate Abilities, Weirdness & Mutations

You are too large for most types of armour.
You have claws for hands.
Your metabolism is lightning-fast.
You like to eat raw meat.
Your natural rate of healing is unusually fast.
You are covered in fur. (AC +1)
You have very tough skin. (AC +2)


Message History

The gnoll is severely wounded.
The gnoll hits you with a +0 club.
A hobgoblin comes into view.
The gnoll closely misses you.
You scratch the gnoll.
You kill the gnoll!
The gnoll hits you from afar with a +0 spear!
You claw the hobgoblin!
You kill the hobgoblin!
A frilled lizard comes into view.
The gnoll hits you but does no damage.
A rat comes into view.
A gnoll comes into view.
The frilled lizard hisses angrily.
You scratch the gnoll but do no damage.
The gnoll hits you from afar with a +0 spear.
You closely miss the gnoll. The gnoll hits you but does no damage.
The gnoll hits you with a +0 flail. The gnoll hits you but does no damage.
You barely miss the gnoll. The gnoll hits you. The gnoll closely misses you.
The gnoll hits you with a +0 flail!
You die...

#### ..$..##
..)r...########
#g@.g.l...
#g######## #.
#. #. .. ##


You could see 3 gnolls, a frilled lizard and a rat.

Vanquished Creatures
  A gnoll (D:3)
  An adder (D:2)
  A worm (D:2)
  A dart slug (D:2)
  A ball python (D:2)
  A giant cockroach (D:2)
  A goblin (D:2)
  5 hobgoblins
  4 jackals (D:2)
  4 bats
  3 frilled lizards (D:2)
  5 kobolds (D:1)
  3 rats (D:1)
31 creatures vanquished.

Notes
Turn   | Place    | Note
-------+----------+-------------------------------------------
     0 | D:1      | tarabluh the Troll Wizard began the quest for the Orb.
     0 | D:1      | Reached XP level 1. HP: 16/16 MP: 2/2
   203 | D:1      | Reached skill level 1 in Unarmed Combat
   315 | D:1      | Reached XP level 2. HP: 24/24 MP: 4/4
   363 | D:1      | Learned a level 2 spell: Call Imp
   463 | D:1      | You fall through a shaft!
   488 | D:2      | Reached skill level 2 in Unarmed Combat
   646 | D:2      | Reached XP level 3. HP: 29/31 MP: 5/5
  1140 | D:2      | Reached skill level 3 in Unarmed Combat
  1422 | D:3      | Slain by a gnoll

Vault maps used:
D:1:      lemuel_arrival_tunnels

Skill      XL: |  1  2  3 |
---------------+----------+-----
Unarmed Combat | 1 2 3 |  3.4
Dodging        | |  1.5
Stealth        | |  1.0
Spellcasting   | |  2.0
Conjurations   | |  0.6
Summonings     | |  0.6
Translocations | |  0.6

Action                   || total
-------------------------++-------
Melee: Unarmed           ||   116
 Stab: Sleeping          ||     2
  Eat: Chunk             ||    18
Armor: Robe              ||    60
Dodge: Dodged            ||    56

Table legend:
 A = Non-vault XP
 B = Vault XP
 C = Vault XP percentage of total XP
 D = Non-vault monster count
 E = Vault monster count
 F = Vault count percentage of total count
                 A         B        C        D         E       F
            +---------+---------+-------+---------+---------+-------
      Total |      78 |       0 |   0.0 |      31 |       0 |   0.0
            +---------+---------+-------+---------+---------+-------
        D:1 |      14 |       0 |   0.0 |      11 |       0 |   0.0
        D:2 |      47 |       0 |   0.0 |      18 |       0 |   0.0
        D:3 |      17 |       0 |   0.0 |       2 |       0 |   0.0
            +---------+---------+-------+---------+---------+-------
